2v2 vs No.1 Rank player , good game

Match 21444968
End
Panzergrenadier Squad
Panzergrenadier Squad
Construct Light Support Kompanie
MG34 Team
Assault Grenadier Squad
Fire Support Elements
Panzerjäger Mechanized Group
2.5-tonne Medical Truck
Construct Panzerarmee Kommand
Selects Battlefield Espionage Battlegroup
Selects Sector Subterfuge Beacon
Selects Plunder
Selects 250/3 Funkpanzerwagen
Selects Anti-Tank Incendiary Munitions
Assault Mechanized Group
Armored Reserves
Pak 38 Anti-tank Gun Team
MG34 Team
Selects Firestorm
Firestorm
Firestorm
Tiger Heavy Tank
2.5-tonne Medical Truck
Emergency Repair Kits
Rapid Advance
Firestorm
Panzer IV Assault Group
2.5-tonne Medical Truck
PaniCoC
That #B!tch
RtN.momo4sho
Havoc
0
0

Comments sign in to comment!

No comments posted yet!